Map: Stargazers

Players

ReeeeeeeEEEE

  • Race: Terran Terran
  • League: Platinum
  • Spawn Location: 1:00

WAZPINATOR - Winner!

  • Race: Zerg Zerg
  • League: Diamond
  • Spawn Location: 11:00

VOD

Have the link to the VOD?

Description

Time

  • Played on: July 28, 2022, 12:53 a.m.
  • Length: 13:22
Show
View Real Time Build Order
Export as new Build Order

ReeeeeeeEEEE Terran 

Build Orders:  

Get SALT Encoding   

  12  0:00  SCV  
  13  0:12  SCV  
  14  0:17  Supply Depot  
  14  0:25  SCV  
  15  0:39  SCV  
  16  0:44  Barracks  
  16  0:49  Supply Depot  
  16  0:51  SCV  
  16  0:56  Refinery  
  17  1:02  Refinery  
  17  1:06  SCV  
  18  1:21  SCV  
  19  1:34  Barracks Reactor  
  19  1:37  Orbital Command  
  19  1:56  Factory  
  19  2:04  SCV  
  20  2:11  Marine x2  
  22  2:16  SCV  
  22  2:17  Supply Depot  
  23  2:29  SCV  
  24  2:47  Starport  
  24  2:49  Barracks Tech Lab, SCV  
  29  2:51  Hellion x2  
  29  3:02  SCV  
  34  3:12  Hellion  
  34  3:13  Hellion  
  34  3:18  Barracks Tech Lab  
  34  3:19  SCV  
  35  3:33  Command Center  
  35  3:36  Raven  
  35  3:37  Supply Depot  
  37  3:41  SCV  
  37  3:48  Factory  
  38  3:56  SCV  
  39  4:03  Widow Mine  
  39  4:04  Widow Mine  
  39  4:06  Supply Depot  
  43  4:12  SCV  
  43  4:14  Marine  
  45  4:32  Marine, SCV  
  47  4:39  Supply Depot  
  47  4:44  SCV  
  47  4:45  Medivac  
  50  4:46  Orbital Command  
  50  4:50  Factory Tech Lab  
  50  4:57  Orbital Command, SCV  
  51  5:12  SCV  
  54  5:21  Marauder  
  54  5:25  Command Center  
  54  5:28  Widow Mine x2  
  58  5:29  Infernal Pre-Igniter  
  58  5:31  SCV x2  
  60  5:36  Raven  
  58  6:02  Widow Mine x2  
  62  6:04  SCV  
  62  6:05  SCV  
  64  6:18  Supply Depot  
  64  6:22  SCV  
  64  6:23  SCV  
  66  6:29  Widow Mine  
  66  6:31  Widow Mine  
  70  6:34  SCV  
  70  6:35  Raven  
  70  6:38  SCV  
  74  6:41  Supply Depot  
  74  6:44  Orbital Command  
  74  6:47  SCV  
  75  6:54  SCV  
  75  6:57  Refinery  
  76  7:04  Supply Depot  
  76  7:06  Refinery  
  74  7:27  Supply Depot  
  68  7:33  SCV  
  68  7:34  SCV  
  68  7:35  Orbital Command  
  71  7:41  Siege Tank  
  71  7:42  Widow Mine x2  
  77  7:46  SCV  
  77  7:47  SCV  
  77  7:51  Supply Depot  
  79  7:52  Engineering Bay  
  79  7:53  Marauder  
  79  7:54  Raven  
  83  7:58  SCV  
  83  8:03  SCV x2  
  86  8:14  Marauder  
  88  8:26  SCV  
  88  8:27  SCV x2  
  91  8:30  Refinery  
  91  8:34  Widow Mine x2, Siege Tank  
  96  8:38  Factory  
  96  8:39  SCV  
  96  8:40  Factory  
  99  8:42  Raven  
  99  8:43  SCV x2  
  103  8:51  SCV  
  103  8:55  SCV x2  
  106  9:01  Missile Turret  
  106  9:03  Hi-Sec Auto Tracking  
  106  9:08  Supply Depot, Missile Turret  
  106  9:10  Siege Tank  
  106  9:12  Command Center  
  106  9:15  Armory  
  106  9:16  SCV  
  110  9:17  Armory  
  110  9:20  SCV x2  
  110  9:22  Missile Turret, Refinery  
  110  9:23  Factory Tech Lab  
  112  9:24  Factory  
  112  9:55  Raven  
  116  10:00  Widow Mine x2  
  116  10:01  Siege Tank x2  
  116  10:04  Supply Depot  
  101  10:48  Orbital Command  
  95  10:54  SCV  
  95  10:55  SCV x2  
  75  11:01  Factory Tech Lab  
  71  11:07  SCV x3  
  71  11:11  Hellion x2, Starport  
  78  11:19  SCV x3  
  81  11:28  Siege Tank  
  81  11:29  Hellbat  
  81  11:32  Supply Depot, Hellbat  
  82  11:43  Command Center  
  82  11:45  Raven  
  65  12:02  Marine  
  58  12:20  Widow Mine x3, Marine  
  61  12:36  SCV x3  
  64  12:38  Marine  
  63  12:48  SCV  
  62  12:56  Marauder  
Show
View Real Time Build Order
Export as new Build Order

WAZPINATOR Zerg - Winner!

Build Orders: Hatch First 

Get SALT Encoding   

  12  0:00  Drone  
  13  0:12  Overlord  
  13  0:17  Drone  
  14  0:30  Drone x2  
  16  0:45  Drone x2  
  18  0:58  Hatchery  
  18  0:59  Drone  
  18  1:04  Extractor  
  17  1:15  Evolution Chamber  
  17  1:20  Spawning Pool  
  17  1:21  Drone  
  17  1:23  Drone  
  18  1:29  Drone  
  19  1:38  Drone  
  20  1:49  Drone  
  21  2:00  Drone  
  22  2:06  Evolution Chamber  
  22  2:07  Hatchery  
  20  2:11  Queen  
  22  2:21  Queen  
  24  2:25  Drone  
  24  2:27  Drone  
  26  2:30  Drone  
  26  2:36  Zerg Melee Weapons Level 1  
  27  2:39  Drone  
  28  2:50  Overlord  
  28  2:51  Metabolic Boost  
  28  3:02  Overlord  
  28  3:11  Drone x3  
  28  3:12  Drone x2  
  33  3:25  Hatchery  
  32  3:28  Drone x3  
  32  3:32  Drone x2  
  37  3:37  Drone x2  
  37  3:40  Drone x2  
  41  3:43  Drone  
  42  3:49  Drone  
  43  3:56  Queen  
  43  3:58  Zergling x2  
  43  4:01  Zergling x4  
  48  4:05  Spine Crawler  
  48  4:09  Zergling x6  
  50  4:17  Overlord x2  
  50  4:27  Zergling x2  
  50  4:35  Queen  
  50  4:36  Queen  
  50  4:37  Zergling x2  
  50  4:38  Zergling x8  
  59  4:41  Drone  
  60  4:53  Zergling x4  
  62  5:00  Zergling x10  
  67  5:15  Zergling x4  
  67  5:16  Zergling x2  
  70  5:22  Zergling x4  
  70  5:24  Overlord  
  72  5:37  Overlord x2  
  70  5:50  Zergling x6  
  68  5:59  Drone x6  
  74  6:14  Drone x4  
  74  6:16  Drone  
  79  6:35  Drone x4  
  79  6:36  Drone x3  
  86  6:43  Hatchery  
  85  6:47  Drone x2  
  85  6:48  Drone x2  
  85  6:49  Drone  
  85  6:53  Lair  
  90  6:59  Baneling Nest  
  89  7:12  Extractor  
  86  7:16  Zergling x20  
  95  7:26  Hatchery  
  95  7:29  Zergling x2  
  95  7:30  Zergling x8  
  95  7:31  Spore Crawler  
  95  7:34  Spore Crawler  
  94  7:42  Hatchery  
  93  7:47  Zergling x6  
  96  7:52  Centrifugal Hooks  
  96  7:56  Drone x6  
  96  7:57  Extractor  
  101  8:02  Extractor  
  101  8:03  Extractor  
  98  8:16  Drone x8  
  98  8:18  Hatchery  
  99  8:20  Drone x3  
  101  8:37  Baneling x5  
  101  8:38  Hatchery  
  100  8:41  Extractor  
  99  8:52  Extractor  
  98  9:02  Zergling x18  
  107  9:03  Zergling x12  
  107  9:07  Baneling x7  
  107  9:09  Overlord  
  113  9:10  Overlord  
  113  9:12  Hatchery  
  113  9:14  Hatchery  
  111  9:18  Baneling x3  
  111  9:19  Baneling  
  111  9:27  Hatchery  
  111  9:30  Drone x2  
  116  9:31  Drone x8  
  120  9:44  Drone x4  
  124  9:46  Zergling x12  
  124  9:47  Zergling x10  
  124  9:52  Zergling x4  
  136  10:00  Baneling x4  
  136  10:01  Baneling x14  
  136  10:03  Zergling x10  
  141  10:08  Drone  
  141  10:14  Zergling x2  
  141  10:15  Zergling x2  
  131  10:24  Zergling x16  
  127  10:33  Zergling x16  
  114  10:55  Zergling x32  
  114  10:56  Zergling x6  
  123  11:02  Zergling x10  
  122  11:06  Zergling x2  
  122  11:07  Zergling x2  
  122  11:10  Zergling x4  
  121  11:15  Zergling x8  
  121  11:17  Zergling x2  
  121  11:18  Zergling x4  
  124  11:19  Baneling x18  
  124  11:20  Baneling x27  
  124  11:25  Zergling x10  
  128  11:29  Zergling x2  
  128  11:30  Zergling x2  
  129  11:35  Drone x5  
  131  11:40  Zergling x4  
  131  11:42  Zergling x2  
  131  11:44  Zergling x8  
  128  11:50  Zergling x4  
  128  11:52  Zergling x2  
  109  12:13  Zergling x8  
  109  12:14  Zergling x34  
  121  12:15  Zergling x2  
  121  12:22  Zergling x6  
  124  12:24  Zergling x4  
  124  12:25  Zergling x4  
  124  12:27  Zergling x12  
  126  12:38  Zergling x2  
  126  12:39  Zergling x16  
  134  12:51  Zergling x20  
  134  12:54  Zergling x4  
  134  12:56  Zergling x6  
  134  12:57  Zergling x4  
  145  12:59  Zergling x4  
  145  13:00  Zergling x2  
  145  13:04  Zergling x2  
Tags
 
Add a new tag
Caveats
  • Supply blocks, unpowered buildings, or Contaminate may cause inaccurate times.
  • Supply counts are checked every 10 seconds.